 Dungeon Crawl Stone Soup version 0.22.1-2-g9c5b331 (webtiles) character file.

21769 empire the Spear-Bearer (level 12, -4/96 HPs)
             Began as a Minotaur Fighter on Nov 14, 2018.
             Was the Champion of Cheibriados.
             Killed from afar by a deep elf annihilator (31 damage)
             ... with a crystal spear
             ... on level 14 of the Dungeon on Nov 15, 2018.
             The game lasted 00:28:17 (12303 turns).

empire the Spear-Bearer (Minotaur Fighter)         Turns: 12303, Time: 00:28:19

Health: -4/96      AC: 17    Str: 46    XL:     12   Next: 57%
Magic:  16/17      EV: 19    Int: 20    God:    Cheibriados [******]
Gold:   691        SH: 15    Dex: 35    Spells: 11/11 levels left

rFire    + . .     SeeInvis .   b - +9 trident of Mayhem {holy, rF+ Str+3 Dex+2}
rCold    . . .     Gourm    .   c - +0 shield
rNeg     . . .     Faith    +   g - +0 plate armour
rPois    .         Spirit   .   (helmet restricted)
rElec    .         Reflect  .   K - +0 cloak
rCorr    .         Harm     .   (no gloves)
MR       ++...                  l - +0 pair of boots
Stlth    ..........             r - amulet of faith
HPRegen  0.26/turn              y - ring of protection from magic
MPRegen  0.15/turn              H - ring of protection from magic

@: mighty, agile, very slow
A: retaliatory headbutt, horns 2
a: Bend Time, Temporal Distortion, Slouch, Step From Time, Renounce Religion


You were on level 14 of the Dungeon.
You worshipped Cheibriados.
Cheibriados was exalted by your worship.
You were hungry.

You visited 2 branches of the dungeon, and saw 15 of its levels.

You collected 691 gold pieces.

Inventory:

Hand Weapons
 a - a +1 scimitar of flaming
 b - the +9 trident of Mayhem (weapon) {holy, rF+ Str+3 Dex+2}
   (You found it on level 7 of the Dungeon)

   It has been blessed by the Shining One to cause great damage to the undead
   and demons.
   It affects your strength (+3).
   It affects your dexterity (+2).
   It protects you from fire.
Missiles
 T - 13 arrows
Armour
 c - a +0 shield (worn)
 g - a +0 plate armour (worn)
 l - a +0 pair of boots (worn)
 K - a +0 cloak (worn)
 U - +0 acid dragon scales
Magical Staves
 B - an uncursed staff of conjuration {unknown}
 P - an uncursed staff of energy {unknown}
Jewellery
 r - an amulet of faith (around neck)
 y - a ring of protection from magic (left hand)
 D - an uncursed ring of ice
 H - a ring of protection from magic (right hand)
 M - an uncursed ring of ice
Wands
 s - a wand of enslavement (14)
 w - a wand of flame (6)
 x - a wand of acid (13)
 E - a wand of paralysis (24)
Scrolls
 e - a scroll of amnesia
 h - 8 scrolls of remove curse
 j - 3 scrolls of magic mapping
 k - a scroll of identify
 m - 2 scrolls of noise {unknown}
 p - a scroll of holy word
 q - 14 scrolls of teleportation
 u - 3 scrolls of blinking
 v - 2 scrolls of fog
 S - 2 scrolls of fear
Potions
 n - a potion of heal wounds
 o - 2 potions of curing
 t - a potion of degeneration
 A - a potion of berserk rage
 C - 3 potions of haste
 F - a potion of magic
 G - a potion of ambrosia
 O - a potion of flight {unknown}
 Q - a potion of lignification {unknown}
 R - 2 potions of brilliance
Miscellaneous
 z - a phantom mirror
 I - a phial of floods
Comestibles
 f - 25 rations


   Skills:
 - Level 6.0 Fighting
 - Level 11.0 Long Blades
 - Level 12.1 Polearms
 - Level 10.4 Armour
 - Level 6.1 Dodging
 - Level 6.0 Shields
 + Level 8.2 Invocations
 + Level 7.5 Evocations


You had 11 spell levels left.
You didn't know any spells.
Your spell library contained the following spells:

 Spells                   Type           Power        Failure   Level  Hunger
 Magic Dart               Conj           #...         92%         1    ##.....
 Blink                    Tloc           N/A          98%         2    ###....
 Call Imp                 Summ           #.......     98%         2    ###....
 Searing Ray              Conj           #.....       98%         2    ###....
 Slow                     Hex            #.......     98%         2    ###....
 Conjure Flame            Conj/Fire      #.......     100%        3    ####...
 Dazzling Spray           Conj/Hex       #.....       100%        3    ####...
 Mephitic Cloud           Conj/Pois/Air  #.......     100%        3    ####...
 Force Lance              Conj/Tloc      #.......     100%        4    #####..
 Fulminant Prism          Conj/Hex       #.........   100%        4    #####..
 Iskenderun's Mystic Bla  Conj           #.......     100%        4    #####..


Dungeon Overview and Level Annotations

Branches:
Dungeon (14/15) Temple (1/1) D:5 Lair (0/6) D:10 Orc (0/2) D:12 Vaults (0/5) D:12 D:13

Altars:
Ashenzari
Cheibriados
Dithmenos
Elyvilon
Fedhas
Gozag
Hepliaklqana
Kikubaaqudgha
Makhleb
Nemelex Xobeh
Okawaru
Qazlal
Ru
Trog
Uskayaw
Vehumet
Wu Jian
Xom
Yredelemnul
Zin
The Shining One

Shops:
D:10 (

Annotations:
D:10 exclusion: ice statue


Innate Abilities, Weirdness & Mutations

You reflexively headbutt those who attack you in melee.
You have a pair of horns on your head.


Message History

You block the four-headed hydra's attack. x2
The four-headed hydra bites you.
* * * LOW HITPOINT WARNING * * *
You puncture the four-headed hydra!
The four-headed hydra is severely wounded.
The deep elf annihilator seems less brilliant.
Unknown command.
You puncture the four-headed hydra! You headbutt the four-headed hydra.
The four-headed hydra is almost dead.
You block the four-headed hydra's attack.
The four-headed hydra closely misses you.
You block the four-headed hydra's attack. x2
Unknown command.
You impale the four-headed hydra!!
You kill the four-headed hydra!
Cheibriados thoroughly appreciates the change of pace.
Your Invocations skill increases to level 8!
The deep elf annihilator points at you and mumbles some strange words.
The crystal spear hits you!
You die...

##### #...# .8.
... ##(## # #$)[#
.## #######...#..
#####)(.)@)e8.#D(
#.....#####c..#..
#.#####(??# .##
#.##..##.## #
#.##.##...
#.##.##.8.
#.....#...#
####.############
#.#### #.....##.


You could see a storm dragon, a deep elf annihilator and a yaktaur.

Vanquished Creatures
  A deep elf high priest (D:14)
  3 hydras
  A rakshasa (D:14)
  The ghost of yogakurto the Covert, a journeyman FoSu of Hepliaklqana (D:11)
  A centaur warrior (D:13)
  2 two-headed ogres
  A flayed ghost (D:14)
  An orc knight (D:12)
  A deep elf mage (D:14)
  4 ugly things
  A gargoyle (D:12)
  A komodo dragon (D:10)
  A yaktaur (D:14)
  An efreet (D:13)
  A polar bear (shapeshifter) (D:14)
  A troll (D:12)
  A slime creature (D:14)
  A raiju (shapeshifter) (D:14)
  A meliai zombie (D:14)
  2 hippogriffs
  Sigmund (D:4)
  A vampire (D:9)
  17 humans
  2 wyverns (D:10)
  12 yaks
  4 hogs (D:7)
  A hungry ghost (D:12)
  Edmund (D:4)
  A soldier ant (D:6)
  2 acid dragons (D:13)
  A water moccasin (D:12)
  2 sky beasts
  2 ice beasts
  2 orc warriors
  3 ogres
  3 phantoms
  8 centaurs
  A crocodile (D:8)
  A big kobold (D:11)
  5 bullfrogs
  A wyvern zombie (D:7)
  3 scorpions
  11 killer bees
  A howler monkey (D:9)
  5 crimson imps
  A jelly (D:10)
  6 hounds
  A centaur skeleton (D:7)
  6 orc priests
  A bullfrog skeleton (D:12)
  6 iguanas
  Ijyb (D:3)
  8 worker ants
  13 orc wizards
  A hound zombie (D:7)
  Robin (D:3)
  13 adders
  A howler monkey skeleton (D:6)
  5 shadow imps
  An ooze (D:1)
  An adder skeleton (D:5)
  7 worms
  A dart slug (D:1)
  6 leopard geckos
  36 orcs
  2 bat zombies (D:1)
  9 giant cockroaches
  9 hobgoblins
  17 jackals
  13 kobolds
  5 quokkas
  3 ball pythons
  10 bats
  5 frilled lizards
  20 goblins
  A leopard gecko zombie (D:5)
  7 rats
  A spectral orc (D:8)
  2 withered plants (D:4)
338 creatures vanquished.

Vanquished Creatures (others)
  3 plants (D:10)
3 creatures vanquished.

Grand Total: 341 creatures vanquished

Notes
Turn   | Place    | Note
-------+----------+-------------------------------------------
     0 | D:1      | empire the Minotaur Fighter began the quest for the Orb.
     0 | D:1      | Reached XP level 1. HP: 19/19 MP: 0/0
    81 | D:1      | Reached XP level 2. HP: 23/27 MP: 1/1
   218 | D:1      | Reached XP level 3. HP: 33/33 MP: 2/2
  1020 | D:2      | Reached XP level 4. HP: 40/40 MP: 3/3
  1039 | D:2      | Found a bloodstained altar of Trog.
  1435 | D:2      | You fall through a shaft for 2 floors!
  1443 | D:4      | Noticed Edmund
  1469 | D:4      | Killed Edmund
  1469 | D:4      | Reached skill level 5 in Long Blades
  1469 | D:4      | Reached skill level 5 in Armour
  1469 | D:4      | Reached XP level 5. HP: 35/46 MP: 4/4
  1578 | D:4      | Noticed Sigmund
  1590 | D:4      | Killed Sigmund
  1590 | D:4      | Reached XP level 6. HP: 25/52 MP: 5/5
  1909 | D:4      | Found an ancient bone altar of Kikubaaqudgha.
  2106 | D:3      | Noticed Ijyb
  2125 | D:3      | Killed Ijyb
  2130 | D:3      | Reached XP level 7. HP: 42/59 MP: 6/6
  2175 | D:3      | Noticed Robin
  2185 | D:3      | Killed Robin
  2407 | D:3      | Found a shimmering altar of Xom.
  2410 | D:3      | Reached skill level 1 in Dodging
  2928 | D:5      | Entered Level 5 of the Dungeon
  2947 | D:5      | Found a glowing silver altar of Zin.
  3187 | D:5      | Reached XP level 8. HP: 57/66 MP: 7/7
  3443 | D:5      | Found a staircase to the Ecumenical Temple.
  3474 | Temple   | Entered the Ecumenical Temple
  3484 | Temple   | Became a worshipper of Cheibriados the Contemplative
  3598 | D:5      | Found a hide-covered altar of Uskayaw.
  3600 | D:5      | Found a burning altar of Makhleb.
  3675 | D:5      | Found a hide-covered altar of Uskayaw.
  3775 | D:5      | Found an iron altar of Okawaru.
  3926 | D:6      | Found a runed door.
  3938 | D:6      | Found a runed door.
  4412 | D:6      | Reached * piety under Cheibriados
  5723 | D:7      | Noticed a hippogriff
  5734 | D:7      | Reached ** piety under Cheibriados
  5742 | D:7      | Killed a hippogriff
  5742 | D:7      | Reached XP level 9. HP: 23/71 MP: 8/8
  5938 | D:7      | Reached skill level 10 in Long Blades
  5938 | D:7      | Reached skill level 10 in Armour
  5956 | D:7      | HP: 3/72 [hog (8)]
  6279 | D:7      | Got a steaming trident
  6283 | D:7      | Identified the +9 trident of Mayhem {holy, rF+ Str+3 Dex+2}
                  | (You found it on level 7 of the Dungeon)
  6294 | D:7      | Found a blossoming altar of Fedhas.
  6703 | D:8      | Reached skill level 5 in Shields
  6761 | D:8      | Reached *** piety under Cheibriados
  6880 | D:8      | Found a basalt altar of Yredelemnul.
  6994 | D:8      | Reached skill level 5 in Dodging
  6998 | D:8      | Reached skill level 5 in Fighting
  7398 | D:9      | Reached **** piety under Cheibriados
  7398 | D:9      | Reached XP level 10. HP: 76/83 MP: 9/9
  7538 | D:9      | Reached skill level 1 in Polearms
  7625 | D:9      | Reached skill level 2 in Polearms
  7797 | D:10     | Entered Level 10 of the Dungeon
  7830 | D:10     | Reached skill level 3 in Polearms
  7859 | D:10     | Found Heelacw's Antique Weapon Shoppe.
  7936 | D:10     | Reached skill level 4 in Polearms
  8086 | D:10     | Reached skill level 5 in Polearms
  8138 | D:10     | Found a staircase to the Lair.
  8158 | D:10     | Reached skill level 6 in Polearms
  8194 | D:10     | Reached skill level 7 in Polearms
  8201 | D:10     | Reached ***** piety under Cheibriados
  8212 | D:10     | Reached skill level 8 in Polearms
  8227 | D:10     | Noticed an ice statue
  8235 | D:10     | HP: 3/83 [ice statue] (20)]
  8789 | D:11     | Noticed yogakurto's ghost (journeyman FoSu)
  8793 | D:11     | Found a runed door.
  8822 | D:11     | Killed yogakurto's ghost
  8822 | D:11     | Reached skill level 9 in Polearms
  8898 | D:11     | Noticed a purple ugly thing
  8909 | D:11     | Killed a purple ugly thing
  8909 | D:11     | Reached skill level 10 in Polearms
  9146 | D:11     | Noticed a green ugly thing
  9156 | D:11     | Killed a green ugly thing
  9156 | D:11     | Reached XP level 11. HP: 88/89 MP: 10/10
  9830 | D:12     | Noticed a green ugly thing
  9842 | D:12     | Killed a green ugly thing
  9842 | D:12     | Reached skill level 11 in Polearms
 10121 | D:12     | Noticed a two-headed ogre
 10128 | D:12     | Killed a two-headed ogre
 10128 | D:12     | Reached skill level 12 in Polearms
 10194 | D:12     | Found a staircase to the Orcish Mines.
 10217 | D:12     | Reached skill level 1 in Invocations
 10217 | D:12     | Reached skill level 1 in Evocations
 10405 | D:12     | Noticed a four-headed hydra
 10412 | D:12     | Killed a four-headed hydra
 10835 | D:13     | Found a gate to the Vaults.
 10835 | D:13     | Noticed a centaur warrior
 10835 | D:13     | Noticed a two-headed ogre
 10835 | D:13     | Noticed a red ugly thing
 10835 | D:13     | Noticed an orc knight
 10865 | D:12     | Killed an orc knight
 10865 | D:12     | Reached ****** piety under Cheibriados
 11263 | D:13     | Reached skill level 5 in Invocations
 11272 | D:13     | Killed a centaur warrior
 11273 | D:13     | Reached skill level 5 in Evocations
 11283 | D:13     | Killed a red ugly thing
 11283 | D:13     | Reached XP level 12. HP: 23/96 MP: 15/15
 11288 | D:13     | Killed a two-headed ogre
 12254 | D:14     | Noticed a four-headed hydra
 12256 | D:14     | Noticed a rakshasa
 12260 | D:14     | Killed a four-headed hydra
 12268 | D:14     | Killed a rakshasa
 12276 | D:14     | Noticed a deep elf annihilator
 12279 | D:14     | Noticed a deep elf high priest
 12292 | D:14     | Noticed a four-headed hydra
 12298 | D:14     | Noticed a storm dragon
 12299 | D:14     | Killed a deep elf high priest
 12303 | D:14     | Killed a four-headed hydra
 12303 | D:14     | Killed from afar by a deep elf annihilator

Skill      XL: |  1  2  3  4  5  6  7  8  9 10 11 12 |
---------------+-------------------------------------+-----
Long Blades    | 3 4 5 6 8 9 11 | 11.0
Shields        | 4 6 |  6.0
Armour         | 4 5 6 8 9 10 | 10.4
Fighting       | 4 5 6 |  6.0
Dodging        | 2 4 5 6 |  6.1
Polearms       | 10 12 | 12.1
Invocations    | 5 8 |  8.2
Evocations     | 5 7 |  7.5

Action                   |  1- 3 |  4- 6 |  7- 9 | 10-12 || total
-------------------------+-------+-------+-------+-------++-------
Melee: Long sword        |   111 |   189 |   470 |   222 ||   992
       Headbutt          |    14 |    36 |   122 |   149 ||   321
       Trident           |       |       |       |   136 ||   136
       Scimitar          |       |       |       |     8 ||     8
  Use: Potion            |       |     2 |     6 |     7 ||    15
       Scroll            |       |       |     9 |    12 ||    21
  Eat: Chunk             |     1 |     4 |    13 |     9 ||    27
Armor: Scale mail        |    40 |       |       |       ||    40
       Plate armour      |    12 |    99 |   308 |   159 ||   578
Dodge: Dodged            |    40 |    17 |   131 |   192 ||   380
Block: Shield            |    55 |    82 |   259 |   300 ||   696
       Rpst.: Long sword |    12 |     3 |    32 |    30 ||    77
